 Dungeon Crawl Stone Soup version 0.29.1-15-g9cfb28693d (webtiles) character file.

Game seed: 13656017029814651675

19 Barneous the Ducker (level 2, 0/19 HPs)
             Began as a Human Wanderer on Apr 14, 2023.
             Slain by a gnoll
             ... wielding a +0 spear
              (3 damage)
             ... on level 2 of the Dungeon.
             The game lasted 00:02:57 (952 turns).

Barneous the Ducker (Human Wanderer)                 Turns: 952, Time: 00:02:57

Health: 0/19       AC:  3    Str:  9    XL:     2   Next: 95%
Magic:  2/2        EV: 13    Int:  9    God:
Gold:   46         SH:  0    Dex: 18    Spells: 1/1 levels left

rFire   . . .      SeeInvis .   a - +0 short sword
rCold   . . .      Faith    .   (no shield)
rNeg    . . .      Spirit   .   c - +0 leather armour
rPois   .          Reflect  .   (no helmet)
rElec   .          Harm     .   (no cloak)
rCorr   .          Rampage  .   (no gloves)
Will    .....                   (no boots)
Stlth   ++........              (no amulet)
HPRegen 0.06/turn               (no ring)
MPRegen 0.08/turn               (no ring)

@: no status effects
A: no striking features
a: no special abilities


You were on level 2 of the Dungeon.
You visited 1 branch of the dungeon, and saw 2 of its levels.

You collected 46 gold pieces.

Inventory:

Hand Weapons
 a - a +0 short sword (weapon)
Missiles
 b - 2 throwing nets
 k - 4 poisoned darts (quivered)
Armour
 c - a +0 leather armour (worn)
Jewellery
 h - a ring of wizardry
Scrolls
 g - a scroll of blinking
Potions
 f - 2 potions of curing
 j - a potion of resistance


   Skills:
 * Level 0.3 Fighting
 * Level 2.1 Short Blades
 * Level 1.4 Armour
 + Level 4.1 Dodging
 * Level 3.2 Stealth
 * Level 0.3 Unarmed Combat
 * Level 0.3 Spellcasting


You had one spell level left.
You didn't know any spells.
Your spell library was empty.

Dungeon Overview and Level Annotations

Branches:
Dungeon (2/15)

Altars:


Message History

Really read the scroll of poison?
Okay, then.
The gnoll barely misses you.
You hit the gnoll.
The gnoll is moderately wounded.
The gnoll misses you. The goblin hits you with a +0 dagger.
Really read the scroll of poison?
Uppercase [Y]es or [N]o only, please.
Really read the scroll of poison?
The air fills with toxic fumes!
As you read the scroll of poison, it crumbles to dust.
The gnoll hits you with a +0 spear. The goblin closely misses you.
You feel better. The gnoll hits you but does no damage.
The goblin hits you with a +0 dagger.
You barely miss the gnoll.
The gnoll is moderately wounded.
The gnoll hits you with a +0 spear. The goblin hits you but does no damage.
You hit the gnoll.
The gnoll is moderately wounded.
The gnoll closely misses you. The goblin barely misses you.
You hit the gnoll.
The gnoll is heavily wounded.
The gnoll completely misses you. The goblin hits you with a +0 dagger.
You hit the gnoll but do no damage.
The gnoll is heavily wounded.
The gnoll hits you with a +0 spear. The goblin hits you with a +0 dagger.
You hit the gnoll.
The gnoll is severely wounded.
The gnoll hits you with a +0 spear.
* * * LOW HITPOINT WARNING * * *
The goblin misses you.
You barely miss the gnoll.
The gnoll is severely wounded.
The gnoll hits you with a +0 spear.
* * * LOW HITPOINT WARNING * * *
The goblin hits you but does no damage.
You hit the gnoll but do no damage.
The gnoll is severely wounded.
The gnoll hits you with a +0 spear.
You die...

#################
#.......§§§......
#.##.####§####.##
##.##.# #@####.###
#...<.# #gg○○§○☼○.
#..#######K○##§§#○
#. ......§§g# §§ #
#######§g#
......☼#§§.....
...K..###○.....
...### §§.... #.
#..#..


You could see 3 gnolls, a goblin and a kobold.

Vanquished Creatures
  A dart slug (D:1)
  An endoplasm (D:1)
  2 giant cockroaches (D:1)
  2 hobgoblins (D:1)
  2 quokkas (D:1)
  4 bats (D:1)
  2 frilled lizards (D:1)
  2 kobolds (D:2)
  A rat (D:1)
17 creatures vanquished.

Notes
Turn   | Place    | Note
-------+----------+-------------------------------------------
     0 | D:1      | Barneous the Human Wanderer began the quest for the Orb.
     0 | D:1      | Barneous set off with the following items: a +0 short
                  | sword, 2 throwing nets, a +0 leather armour, 2 potions of
                  | lignification.
     0 | D:1      | Reached XP level 1. HP: 13/13 MP: 1/1
   155 | D:1      | Reached XP level 2. HP: 3/19 MP: 2/2
   469 | D:1      | Found a faded altar of an unknown god.
   952 | D:2      | Slain by a gnoll

Illustrated notes

Levels and vault maps discovered:
D:1:      noname_arrival_rooms_in_the_neighbourhood, layout_rooms,
          ebering_ecumenical_altar_petrified
D:2:      layout_loops_ring

Action                   || total
-------------------------++-------
Melee: Short sword       ||    53
  Use: Scroll            ||     6
       Potion            ||     1
 Stab: Sleeping          ||     5
Armor: Leather armour    ||    16
Dodge: Dodged            ||    25
